 Dungeon Crawl Stone Soup version 0.18-a0-1539-g1c7284a (webtiles) character file.

95 GrosslyIncandescent the Insei (level 4, -1/35 HPs)
             Began as a Mummy Monk on Mar 9, 2016.
             Slain by Purgy (2 damage)
             ... on level 3 of the Dungeon.
             The game lasted 00:04:02 (2612 turns).

GrosslyIncandescent the Insei (Mummy Monk)          Turns: 2612, Time: 00:04:02

Health: -1/35      AC:  1    Str: 14    XL:     4   Next: 39%
Magic:  4/4        EV: 13    Int:  9    God:
Gold:   85         SH:  0    Dex: 15    Spells: 0 memorised, 3 levels left

rFire  x . .     SeeInvis .       - Unarmed
rCold  + . .     Gourm    .     (no armour)
rNeg   + + +     Faith    .     (no shield)
rPois  ∞         Spirit   .     (no helmet)
rElec  .         Dismiss  .     (no cloak)
rCorr  +         Reflect  .     c - +0 pair of gloves
SustAt .         Harm     .     (no boots)
MR     .....                    (no amulet)
Stlth  +.........               (no ring)
                                h - ring of resist corrosion

@: not resistant to hostile enchantments, very unstealthy
A: no food or potions, fire vulnerability, cold resistance 1, negative energy
resistance 3, torment resistance, unbreathing
a: no special abilities


You were on level 3 of the Dungeon.
You were not hungry.

You visited 1 branch of the dungeon, and saw 3 of its levels.
You also visited: Sewer.

You collected 85 gold pieces.


Innate Abilities, Weirdness & Mutations

You do not eat or drink.
Your flesh is vulnerable to fire.
You are immune to poison.
Your flesh is cold resistant.
You are immune to negative energy.
You are immune to unholy pain and torment.
You can survive without breathing.


   Skills:
 - Level 3.0 Fighting
 - Level 2.4 Dodging
 - Level 1.5 Stealth
 + Level 4.9 Unarmed Combat


You had 3 spell levels left.
You didn't know any spells.

Inventory:

Armour
 c - a +0 pair of gloves (worn)
Jewellery
 h - a ring of resist corrosion (left hand)
Scrolls
 a - 4 scrolls of identify {unknown}
 b - 2 scrolls of enchant weapon {unknown}
 d - a scroll of teleportation {unknown}
 e - a scroll of fog {unknown}
 f - a scroll of remove curse {unknown}
 g - a scroll of recharging {unknown}

Dungeon Overview and Level Annotations

Branches:
Dungeon (3/15)

Altars:

Annotations:
D:3 Purgy

▒.▒ ▒..▒ ▒.. ▒▒▒
▒.▒▒▒▒..▒▒▒..
▒▒≈▒▒▒▒▒▒≈▒▒.......
▒≈≈≈≈≈≈≈≈≈≈▒▒.▒▒▒..
▒≈≈≈▒▒▒▒≈≈≈▒..▒ ▒..
▒▒≈▒▒≈≈▒▒≈▒▒▒.▒ ▒.▒
▒≈▒≈.≈≈▒≈▒▒▒.▒▒▒.▒
▒≈▒≈≈≈≈▒≈▒.......(
▒▒M▒▒≈≈▒▒≈▒▒......▒
▒≈≈T▒≈≈▒≈≈≈▒▒.▒▒..▒
▒≈≈≈≈≈≈▒≈≈≈▒▒.▒▒..▒
▒▒≈▒▒▒▒▒▒†▒▒▒.▒▒...
▒▒▒ ▒.▒.▒ ▒.▒▒▒.▒
▒.▒.▒▒▒.▒▒▒.▒
▒............
▒▒▒.▒▒▒.▒▒▒.▒
▒.▒▒▒.▒▒▒)▒


You could see Purgy.


Message History

Purgy the Meek comes into view!
Purgy shouts!!!
Here: Purgy The floor!
Found a slice of pizza and 21 gold pieces!
Found four items!
Found a silvery potion!
There is a gate leading back out of this place here!
Purgy barely misses you! Purgy claws you! Purgy barely misses you!
Welcome back to the Dungeon!!! x2
There is a collapsed entrance here!
You enter the shallow water!
Purgy bites you! Purgy claws you! x2
Purgy closely misses you! Purgy claws you! x2
Purgy bites you!!! * * * don't die
* * * Purgy closely misses you!
Purgy claws you! * * * don't die
* * * Purgy bites you! * * * don't die
* * * Purgy closely misses you!
Purgy barely misses you!
Purgy snarls, "Go!!!
Away!!!"
Purgy barely misses you! Purgy claws you! * * * don't die
* * * Purgy barely misses you!
Purgy bites you! * * * don't die
* * * Purgy claws you! * * * don't die
* * * Purgy claws you! rip

Action                   |  1- 3 |  4- 6 || total
-------------------------+-------+-------++-------
Melee: Unarmed           |   137 |    42 ||   179
 Stab: Sleeping          |     2 |     1 ||     3

Vault maps used:
D:1:      scummos_arrival_star
D:2:      minmay_fountain_box, minmay_surrounded
D:3:      nicolae_overflow_crystal_walls, gup_sewer_entry_bubbles, uniq_terence
Sewer:    sewer_big_baddie

Notes
Turn   | Place    | Note
--------------------------------------------------------------
     0 | D:1      | GrosslyIncandescent the Mummy Monk began the quest for the Orb.
     0 | D:1      | Reached XP level 1. HP: 18/18 MP: 1/1
    80 | D:1      | You fall through a shaft!
   313 | D:2      | Reached XP level 2. HP: 18/24 MP: 2/2
   571 | D:1      | Reached skill level 4 in Unarmed Combat
   859 | D:1      | Reached XP level 3. HP: 24/29 MP: 3/3
  2007 | D:3      | Reached XP level 4. HP: 24/35 MP: 4/4
  2406 | D:3      | Found a glowing drain.
  2497 | Sewer    | Entered a sewer
  2589 | Sewer    | Noticed Purgy
  2612 | D:3      | HP: 1/35 [Purgy (3)]
  2612 | D:3      | Slain by Purgy

Vanquished Creatures
  2 adders (D:2)
  An ooze (D:2)
  4 worms (D:3)
  A dart slug (D:2)
  3 giant geckos
  An orc (D:3)
  4 giant cockroaches
  7 goblins
  6 hobgoblins
  4 jackals (D:2)
  A ball python (D:2)
  10 bats
  2 giant newts
  3 kobolds
  4 rats
53 creatures vanquished.
